 Dungeon Crawl Stone Soup version 0.28-a0-691-gad6df49e81 (webtiles) character file.

Game seed: 11097802315075892925

345 cheechan the Shooter (level 6, 0/61 HPs)
             Began as an Octopode Hunter on Oct 20, 2021.
             Succumbed to an adder's poison
             ... in a sewer.
             The game lasted 00:17:36 (3991 turns).

cheechan the Shooter (Octopode Hunter)              Turns: 3991, Time: 00:17:37

Health: 0/61       AC:  5    Str: 12    XL:     6   Next: 58%
Magic:  0/6        EV: 13    Int: 10    God:
Gold:   104        SH:  0    Dex: 14    Spells: 5/5 levels left

rFire   . . .      SeeInvis .   g - +4 short sword (freeze)
rCold   . . .      Faith    .   (no shield)
rNeg    . . .      Spirit   +   (helmet restricted)
rPois   .          Reflect  .   i - amulet of guardian spirit
rElec   +          Harm     .   d - ring of Dishonesty {rElec Will++ rCorr AC+4 Int-3}
rCorr   +          Rampage  .   (no ring)
Will    ++...                   (no ring)
Stlth   ..........              (no ring)
HPRegen 0.20/turn               (no ring)
MPRegen 0.10/turn               (no ring)
                                (no ring)
                                (no ring)

@: berserking (expiring), lethally poisoned (0 -> -1), very slightly
contaminated, invisible, very quick
A: almost no armour, amphibious, 8 rings, camouflage 1, gelatinous body 1,
(nimble swimmer 1), tentacles
a: no special abilities


You were in a sewer.
You visited 1 branch of the dungeon, and saw 3 of its levels.
You also visited: Sewer.

You collected 104 gold pieces.

Inventory:

Hand Weapons
 a - a +2 shortbow of freezing
 g - a +4 short sword of freezing (weapon)
 h - a +0 broad axe
Missiles
 c - 24 arrows
 e - 53 stones (quivered)
Jewellery
 d - the ring of Dishonesty (left tentacle) {rElec Will++ rCorr AC+4 Int-3}
   (You acquired it on level 1 of the Dungeon)

   [ring of protection]

   AC:        It affects your AC (+4).
   Int:       It affects your intelligence (-3).
   rElec:     It insulates you from electricity.
   rCorr:     It protects you from acid and corrosion.
   Will:      It greatly increases your willpower.
 i - an amulet of guardian spirit (around mantle)
Wands
 b - a wand of flame (15)
Scrolls
 p - a scroll of enchant armour {unknown}
 q - a scroll of blinking {unknown}
 r - 2 scrolls of teleportation
Potions
 f - a potion of lignification {unknown}
 l - a potion of invisibility
 m - a potion of mutation {unknown}
 n - a potion of haste {unknown}
 o - a potion of brilliance {unknown}


   Skills:
 + Level 2.8 Fighting
 + Level 0.6 Short Blades
 + Level 6.3 Bows
 + Level 2.7 Dodging
 * Level 4.3 Stealth


You had 5 spell levels left.
You didn't know any spells.
Your spell library was empty.

Dungeon Overview and Level Annotations

Branches:
Dungeon (3/15)              Sewer (1/1)

Altars:
Uskayaw

Shops:
D:3 [


Innate Abilities, Weirdness & Mutations

You cannot wear most types of armour.
You are amphibious.
You can wear up to eight rings at the same time.
Your skin changes colour to match your surroundings (Stealth+).
Your rubbery body absorbs attacks. (AC +1, EV +1)
((You are camouflaged near water. (Stealth+)))
You have tentacles for arms and can constrict up to eight enemies at once.


Message History

The ball python constricts you.
You escape the ball python's grasp.
The bullfrog misses you. The ball python closely misses you.
The ball python barely misses you.
You see here an arrow.
The adder closely misses you. The bullfrog closely misses you.
The adder misses you.
The ball python bites you but does no damage.
The ball python closely misses you.
You see here an arrow.
The bullfrog barely misses you. The adder bites you.
* * * LOW HITPOINT WARNING * * *
You are lethally poisoned!
The adder poisons you! The adder bites you.
* * * LOW HITPOINT WARNING * * *
The bullfrog hits you but does no damage.
* * * LOW HITPOINT WARNING * * *
You feel sick. The ball python bites you. The ball python barely misses you.
It was a potion of invisibility.
You fade into invisibility!
* * * LOW HITPOINT WARNING * * *
You feel sick. The bullfrog barely misses you.
The ball python bites you but does no damage.
The bullfrog closely misses you.
You are very lightly contaminated with residual magic.
It was a potion of berserk rage.
A red film seems to cover your vision as you go berserk!
You feel yourself moving faster!
You feel mighty!
* * * LOW HITPOINT WARNING * * *
You feel sick. The adder closely misses you. The bullfrog misses you.
The ball python misses you. x2
You are too berserk!
You feel a strong urge to attack something.
The door flies open with a bang!
* * * LOW HITPOINT WARNING * * *
You feel sick. The adder completely misses you. The ball python misses you.
Found eight items.
Found a gate leading back out of this place.
You feel your anger nearly subside.
You die...

#≈#≈≈≈≈#
#≈≈≈≈≈≈#
#≈≈≈≈≈≈#
#≈≈≈≈≈≈#
#≈≈≈≈≈≈#
#≈≈≈≈≈≈#
#≈≈≈≈(≈#
#≈≈≈≈≈≈#
#≈≈≈#≈(#
#≈≈≈≈≈≈####
##≈≈≈≈.#
#.≈≈≈.###..
#(..(.S#####
#......##..
#...SSF#!?!#
##......##'
#....S.@?∩?#
#.........
##....##!?!#
##........
###### ####
##.......
######.. ###


You could see a bullfrog, an adder and 3 ball pythons.

Vanquished Creatures
  A bullfrog (Sewer)
  Terence (D:2)
  13 adders
  4 river rats (Sewer)
  2 worms (D:2)
  A dart slug (D:2)
  13 ball pythons
  4 endoplasms
  3 giant cockroaches
  9 hobgoblins
  2 jackals (D:1)
  2 quokkas (D:1)
  14 bats
  3 frilled lizards
  2 goblins
  7 kobolds
  34 rats
115 creatures vanquished.

Vanquished Creatures (others)
  7 plants (D:2)
7 creatures vanquished.

Grand Total: 122 creatures vanquished

Notes
Turn   | Place    | Note
-------+----------+-------------------------------------------
     0 | D:1      | cheechan the Octopode Hunter began the quest for the Orb.
     0 | D:1      | Reached XP level 1. HP: 14/14 MP: 1/1
   284 | D:1      | Reached XP level 2. HP: 18/19 MP: 2/2
   839 | D:1      | Found a faded altar of an unknown god.
  1147 | D:1      | Identified a scroll of acquirement
  1147 | D:1      | Acquired the ring of Dishonesty {rElec Will++ rCorr AC+4
                  | Int-3}
  1159 | D:1      | Reached XP level 3. HP: 24/24 MP: 3/3
  1530 | D:2      | Reached skill level 5 in Bows
  1579 | D:2      | Noticed Terence
  1630 | D:1      | HP: 1/24 [poisoned by an adder]
  1636 | D:1      | Reached XP level 4. HP: 8/29 MP: 4/4
  2158 | D:2      | Killed Terence
  2576 | D:2      | Reached XP level 5. HP: 16/35 MP: 5/5
  3274 | D:3      | Found a hide-covered altar of Uskayaw.
  3390 | D:3      | Found Waqidozxu's Antique Armour Shoppe.
  3465 | D:3      | Found a glowing drain.
  3493 | Sewer    | Entered a sewer
  3710 | Sewer    | Reached XP level 6. HP: 41/41 MP: 6/6
  3813 | Sewer    | Reached skill level 6 in Bows
  3986 | Sewer    | HP: 2/41 [poisoned by an adder]
  3991 | Sewer    | Succumbed to an adder's poison

Illustrated notes

Levels and vault maps discovered:
D:1:      shiori_arrival_elements, layout_basic, shapermc_ecumenical_altar_venn,
          hangedman_decor_lopped
D:2:      cheibrodos_old_hovel, layout_basic, minmay_tromino_v7, uniq_terence
D:3:      layout_loops_ring, nicolae_overflow_crystal_walls,
          beargit_hepliaklqana_dungeon_heroes, serial_shops, shop,
          gup_sewer_entry_glass
Sewer:    sewer_minmay_w

Skill      XL: |  1  2  3  4  5  6 |
---------------+-------------------+-----
Bows           | 5 6 |  6.3
Stealth        | 2 4 |  4.3
Fighting       | |  2.8
Short Blades   | |  0.6
Dodging        | |  2.7

Action                   |  1- 3 |  4- 6 || total
-------------------------+-------+-------++-------
Melee: Short sword       |       |    32 ||    32
       Constrict         |       |     6 ||     6
       Tentacles         |       |     2 ||     2
 Fire: Shortbow          |    73 |   143 ||   216
  Use: Scroll            |     5 |     3 ||     8
       Potion            |     1 |     3 ||     4
Armor: Skin              |    19 |    41 ||    60
Dodge: Dodged            |    47 |    90 ||   137

Table legend: (Time is in decaauts)
 A = Elapsed time spent in this place.
 B = Non-inter-level travel time spent in this place.
 C = Inter-level travel time spent in this place.
 D = Time resting spent in this place.
 E = Time spent auto-exploring this place.
 F = Levels seen in this place.
 G = Mean time per level.
                   A        B        C        D        E       F      G
               +--------+--------+--------+--------+--------+-----+--------+
         Total |   3999 |   3999 |      0 |   1439 |      0 |   4 |  999.8 |
       Dungeon |   3503 |   3503 |      0 |   1279 |      0 |   3 | 1167.7 |
         Sewer |    496 |    496 |      0 |    160 |      0 |   1 |  496.0 |
               +--------+--------+--------+--------+--------+-----+--------+

Top non-repeatable levels by time:
     D:1: 1897 daAuts
     D:2: 1256 daAuts
   Sewer: 496 daAuts
     D:3: 348 daAuts
